 Dungeon Crawl Stone Soup version 0.31-a0-188-g5e087ee2ca (webtiles) character file.

Game seed: 7710124843449496119

109 qw the Skirmisher (level 4, 0/25 HPs)
             Began as a Deep Elf Hunter on June 23, 2023.
             Killed by nerve-wracking pain
             ... invoked by Grinder
              (6 damage)
             ... while paralysed by Grinder
             ... on level 3 of the Dungeon.
             The game lasted 00:00:45 (2073 turns).

qw the Skirmisher (Deep Elf Hunter)                 Turns: 2073, Time: 00:00:46

Health: 0/25       AC:  8    Str: 10    XL:     4   Next: 59%
Magic:  6/6        EV:  2    Int: 14    God:
Gold:   140        SH:  0    Dex: 18    Spells: 3/3 levels left

rFire   . . .        Y - +2 shortbow
rCold   . . .        (shield currently unavailable)
rNeg    . . .        e - +1 ring mail
rPois   .            i - +2 hat
rElec   .            (no cloak)
rCorr   .            (no gloves)
SInv    +            (no boots)
Will    .....        (no amulet)
Stlth   +            k - ring of see invisible
HPRegen 0.24/turn    (no ring)
MPRegen 0.10/turn

%: no passive effects
@: paralysed
A: no striking features
a: no special abilities


You were on level 3 of the Dungeon.
You visited 1 branch of the dungeon, and saw 3 of its levels.

You collected 140 gold pieces.


   Skills:
 - Level 1.5 Fighting
 + Level 8.0 Ranged Weapons
 - Level 2.4 Dodging
 - Level 1.2 Stealth


You had 3 spell levels left.
You didn't know any spells.
Your spell library was empty.

Inventory:

Hand Weapons
 Y - a +2 shortbow (weapon)
Armour
 e - a +1 ring mail (worn)
 i - a +2 hat (worn)
Jewellery
 b - a ring of resist corrosion
 h - a ring of fire
 k - a ring of see invisible (left hand)
Scrolls
 a - a scroll of identify
 c - a scroll of fear {unknown}
 g - a scroll of fog {unknown}
 m - a scroll of torment {unknown}
Potions
 d - a potion of haste
 f - a potion of curing {unknown}
 j - a potion of degeneration {unknown}
 l - a potion of cancellation

Dungeon Overview and Level Annotations

Branches:
Dungeon (3/15)

Altars:
Ashenzari

Annotations:
D:2 1 runed translucent door, Crazy Yiuf
D:3 3 runed translucent doors, Grinder


Message History

Grinder shouts!
The arrow hits Natasha.
You kill Natasha!
Natasha yowls pathetically as she dies!
Your Ranged Weapons skill increases to level 8!
You shoot an arrow. The arrow hits Grinder.
Grinder is lightly wounded.
Grinder drinks a potion.
Grinder seems to speed up.
You shoot an arrow. The arrow hits Grinder.
Grinder is lightly wounded.
Grinder says, "Wait up."
You shoot an arrow.
The arrow hits Grinder but does no damage.
Grinder is lightly wounded.
You shoot an arrow. The arrow hits Grinder.
Grinder is lightly wounded.
Grinder grins, showing sharp teeth.
Grinder gestures at you. Pain shoots through your body!
You shoot an arrow. The arrow hits Grinder!
Grinder is moderately wounded.
Grinder says, "What is the universe for?"
Grinder blinks!
You shoot an arrow. The arrow hits Grinder.
Grinder is heavily wounded.
You hear a shout!
You shoot an arrow. The arrow hits Grinder.
Grinder is heavily wounded.
A goblin comes into view. It is wielding a +0 dagger.
You shoot an arrow. The arrow hits Grinder.
Grinder is heavily wounded.
Grinder gestures at you.
You suddenly lose the ability to move!
Grinder says, "Make like a tree!"
Grinder hits you.
You writhe in agony.
The goblin hits you but does no damage. Grinder gestures at you.
Pain shoots through your body! The goblin barely misses you.
Grinder gestures at you. Pain shoots through your body!
You die...

#...... #........#
###.... #........#
#.... #.......#
#.... ##.......
#.... #.......#
.....
#####....#.####...
...
#.......%..5......
..# #........#@#
... #.......[.g#
##### ..#
#..........##....
#.#
#........#...<.###
#..
#####.##..........
#.. #.##.#.....#
#.# ##.##.......#
###..
##..####.)####
#.... #.....##..#
##....


You could see Grinder (fast) and a goblin.

Vanquished Creatures
  Natasha (D:3)
  3 adders
  4 bats
  6 endoplasms
  3 giant cockroaches
  8 hobgoblins
  3 jackals (D:2)
  5 kobolds
  3 quokkas (D:1)
  6 ball pythons
  3 frilled lizards
  4 goblins
  3 rats
52 creatures vanquished.

Notes
Turn   | Place    | Note
-------+----------+-------------------------------------------
     0 | D:1      | qw the Deep Elf Hunter began the quest for the Orb.
     0 | D:1      | Reached XP level 1. HP: 12/12 MP: 3/3
     0 | D:1      | 0 ||| qw: Version: 0.3-a-9-g12657ce
     0 | D:1      | 0 ||| qw: Game counter: 4052
     0 | D:1      | 0 ||| qw: Always use a shield: true
     0 | D:1      | 0 ||| qw: God list: Okawaru
     0 | D:1      | 0 ||| qw: Allow faded altars: false
     0 | D:1      | 0 ||| qw: Do Orc after D:15 true
     0 | D:1      | 0 ||| qw: Do second Lair branch before Depths: true
     0 | D:1      | 0 ||| qw: Lair rune preference: random
     0 | D:1      | 0 ||| qw: Plans: Normal
     0 | D:1      | 0 ||| PLANNING D:1-11
   200 | D:1      | Reached skill level 6 in Ranged Weapons
   200 | D:1      | Reached XP level 2. HP: 16/16 MP: 4/4
   231 | D:1      | 231 ||| FLEEEEING.
   232 | D:1      | 232 ||| FLEEEEING.
   233 | D:1      | 233 ||| FLEEEEING.
   725 | D:1      | 725 ||| UPGRADING to +0 ring mail.
   735 | D:1      | 735 ||| DROPPING +0 leather armour.
   736 | D:1      | 736 ||| DROPPING ring of wizardry.
   737 | D:1      | 737 ||| UPGRADING to ring of see invisible.
   738 | D:1      | 738 ||| READING scroll labelled ELOPAO GEPU.
   739 | D:1      | 739 ||| READING scroll labelled MUQYUQ VABOGH.
   740 | D:1      | 740 ||| READING scroll labelled RAK LITAZUE.
   741 | D:1      | 741 ||| READING scroll labelled UPILUA ZEABAEZ.
   742 | D:1      | 742 ||| DRINKING 2 sedimented dark potions.
   743 | D:1      | 743 ||| DROPPING scroll of butterflies.
   984 | D:2      | Reached XP level 3. HP: 20/20 MP: 5/5
  1023 | D:2      | Found a runed translucent door.
  1024 | D:2      | Noticed Crazy Yiuf
  1251 | D:2      | Found a faded altar of an unknown god.
  1257 | D:2      | Reached skill level 7 in Ranged Weapons
  1636 | D:2      | 1636 ||| UPGRADING to +2 hat.
  1641 | D:2      | 1641 ||| READING 2 scrolls labelled PANARI PUERITI.
  1642 | D:2      | 1642 ||| READING scroll of enchant weapon.
  1642 | D:2      | 1642 ||| ENCHANTING +1 shortbow.
  1643 | D:2      | 1643 ||| READING scroll labelled UVILEIWE FUREA.
  1644 | D:2      | 1644 ||| READING scroll labelled GUDUR XEIKK.
  1645 | D:2      | 1645 ||| READING scroll labelled OMYUG SAPECLIOF.
  1680 | D:2      | 1680 ||| READING scroll labelled TERUGAE SIULE.
  1681 | D:2      | 1681 ||| DRINKING 2 fuming golden potions.
  1682 | D:2      | 1682 ||| DRINKING 2 bubbling green potions.
  1683 | D:2      | 1683 ||| DROPPING potion of magic.
  1700 | D:3      | Found a runed translucent gate.
  1700 | D:3      | Found a runed translucent gate.
  1700 | D:3      | Found a runed translucent gate.
  1714 | D:3      | 1714 ||| READING scroll of enchant armour.
  1714 | D:3      | 1714 ||| ENCHANTING +0 ring mail.
  1803 | D:3      | HP: 4/20 [adder (3)]
  1805 | D:3      | Reached XP level 4. HP: 6/25 MP: 6/6
  1952 | D:3      | Found a broken altar of Ashenzari.
  2057 | D:3      | Noticed Natasha
  2061 | D:3      | Noticed Grinder
  2062 | D:3      | Killed Natasha
  2063 | D:3      | Reached skill level 8 in Ranged Weapons
  2070 | D:3      | Paralysed by Grinder for 4 turns
  2073 | D:3      | HP: 6/25 [Grinder/nerve-wracking pain (11)]
  2073 | D:3      | Killed from afar by Grinder

Levels and vault maps discovered:
D:1:      dpeg_arrival_snail, layout_loops_ring
D:2:      layout_basic, hellmonk_ecumenical_altar_heavens_door,
          minmay_statues_item, uniq_crazy_yiuf_cottage
D:3:      layout_rooms, nicolae_ashenzari_skybound, gammafunk_ghost_cemetery,
          uniq_grinder, uniq_natasha

Skill      XL: |  1  2  3  4 |
---------------+-------------+-----
Ranged Weapons | 6 7 8 |  8.0
Fighting       | |  1.5
Dodging        | |  2.4
Stealth        | |  1.2

Action                     |  1- 3 |  4- 6 || total
---------------------------+-------+-------++-------
   Fire: Shortbow          |   114 |    29 ||   143
    Use: Scroll            |    11 |       ||    11
         Potion            |     3 |       ||     3
 Armour: Leather armour    |     3 |       ||     3
         Ring mail         |     8 |     5 ||    13
  Dodge: Dodged            |    21 |     2 ||    23

Table legend:
 A = Non-vault XP
 B = Vault XP
 C = Vault XP percentage of total XP
 D = Non-vault monster count
 E = Vault monster count
 F = Vault count percentage of total count
                 A         B        C        D         E       F
            +---------+---------+-------+---------+---------+-------
      Total |     121 |      35 |  22.4 |      51 |       1 |   1.9
            +---------+---------+-------+---------+---------+-------
        D:1 |      35 |       0 |   0.0 |      20 |       0 |   0.0
        D:2 |      43 |       0 |   0.0 |      19 |       0 |   0.0
        D:3 |      43 |      35 |  44.9 |      12 |       1 |   7.7
            +---------+---------+-------+---------+---------+-------
